 Dungeon Crawl Stone Soup version 0.18.1-8-gdd0e5ea (webtiles) character file.

83510 Liquid the Fighter (level 16, -3/133 HPs)
             Began as a Formicid Abyssal Knight on May 27, 2016.
             Was the Champion of Lugonu.
             Slain by a large slime creature (24 damage)
             ... on level 12 of the Dungeon.
             The game lasted 01:43:21 (28488 turns).

Liquid the Fighter (Formicid Abyssal Knight)       Turns: 28488, Time: 01:43:22

Health: -3/133     AC: 25    Str: 20    XL:     16   Next: 24%
Magic:  25/25      EV: 12    Int: 13    God:    Lugonu [******]
Gold:   2842       SH: 12    Dex: 13    Spells: 0 memorised, 15 levels left

rFire  . . .     SeeInvis +     q - +4 lajatang (slice)
rCold  + . .     Gourm    .     C - +2 plate armour {MR+}
rNeg   + + +     Faith    +     f - +1 shield
rPois  .         Spirit   .     (helmet unavailable)
rElec  +         Dismiss  .     l - +2 cloak of Starlight {rElec rC+ EV+4 Stlth--}
rCorr  .         Reflect  .     t - +0 pair of gloves
SustAt .         Harm     .     T - +1 pair of boots {Stlth+}
MR     ++...                    E - amulet of faith
Stlth  ..........               a - ring of Gudukodgha {rElec rN+++ EV-2 Stlth-} (curse)
                                Y - +4 ring of slaying

@: very resistant to hostile enchantments, extremely unstealthy
A: permanent stasis, dig shafts and tunnels, four strong arms, antennae 3,
mutation resistance 1, slow regeneration 1
a: Dig, Shaft Self, Depart the Abyss, Bend Space, Banish, Corrupt, Enter the
Abyss, Renounce Religion


You were on level 12 of the Dungeon.
You worshipped Lugonu.
Lugonu was exalted by your worship.
You were not hungry.

You visited 4 branches of the dungeon, and saw 23 of its levels.
You visited the Abyss 1 time.
You also visited: Sewer, Bailey and Ice Cave.

You collected 2842 gold pieces.

Inventory:

Hand Weapons
 q - a +4 lajatang of slicing (weapon)
Armour
 f - a +1 shield (worn)
 g - a +0 plate armour of cold resistance
 l - the +2 cloak of Starlight (worn) {rElec rC+ EV+4 Stlth--}
   (You found it on level 8 of the Lair of Beasts)

   It affects your evasion (+4).
   It protects you from cold.
   It insulates you from electricity.
   It makes you much less stealthy.
 t - a +0 pair of gloves (worn)
 C - a +2 plate armour of magic resistance (worn)
 T - a +1 pair of boots of stealth (worn)
Jewellery
 a - the cursed ring of Gudukodgha (right hand) {rElec rN+++ EV-2 Stlth-}
   (You found it on level 9 of the Dungeon)

   [ring of evasion]

   It affects your evasion (-2).
   It insulates you from electricity.
   It renders you almost immune to negative energy.
   It makes you less stealthy.
   It has a curse placed upon it.
 i - the ring "Faatap" {Fire Str+2}
   (You found it on level 11 of the Dungeon)

   [ring of fire]

   It enhances your fire magic, and weakens your ice magic.
   It affects your strength (+2).
   It protects you from fire.
   It makes you vulnerable to cold.
 m - an uncursed ring of protection from fire {unknown}
 u - an uncursed ring of sustain attributes
 E - an amulet of faith (around neck)
 O - an uncursed ring of protection from magic
 Y - a +4 ring of slaying (left hand)
Wands
 b - a wand of paralysis (3/24)
 x - a wand of iceblast (5/15)
 z - a wand of teleportation (3/9)
 D - a wand of digging (3/24)
Scrolls
 d - 7 scrolls of identify
 e - 4 scrolls of remove curse
 k - 6 scrolls of fog
 r - a scroll of silence
 y - 6 scrolls of immolation
 B - 4 scrolls of enchant armour
 K - 8 scrolls of fear
 P - 3 scrolls of amnesia
 R - 2 scrolls of recharging
Potions
 h - a potion of cancellation
 j - 3 potions of brilliance
 n - a potion of invisibility
 o - 2 potions of resistance
 p - 7 potions of heal wounds
 s - a potion of might
 w - 9 potions of flight
 A - 3 potions of curing
 F - a potion of mutation {unknown}
 J - 2 potions of magic
Miscellaneous
 V - a phial of floods
 W - a fan of gales
Comestibles
 c - 14 bread rations
 H - 3 meat rations
 I - 21 beef jerkies


   Skills:
 + Level 14.1 Fighting
   Level 5.2(10.7) Polearms
 + Level 14.1(14.4) Staves
 + Level 12.4 Armour
 + Level 8.9 Dodging
 + Level 9.3 Shields
 - Level 12.0 Invocations


You had 15 spell levels left.
You didn't know any spells.

Dungeon Overview and Level Annotations

Branches:
Dungeon (12/15)            Temple (1/1) D:4            Lair (8/8) D:10
  Swamp (0/4) Lair:4        Snake (0/4) Lair:6        Slime (0/6) Lair:8
    Orc (2/2) D:10            Elf (0/3) Orc:2

Altars:
Ashenzari
Cheibriados
Dithmenos
Nemelex Xobeh
Okawaru
Ru
The Shining One
Beogh
Lugonu

Shops:
D:6 !*=}=   D:9 [   D:10 :   Orc:2 [(==

Annotations:
D:9 corrupted
Lair:8 corrupted
Abyss:1 Rupert


Innate Abilities, Weirdness & Mutations

You are under a permanent stasis effect.
You can dig through walls and to a lower floor.
Your four strong arms can wield two-handed weapons with a shield.
You have a pair of large antennae on your head (SInv).
You are somewhat resistant to further mutation.
You regenerate slowly when monsters are visible.


Message History

Aim: an enormous slime creature (lightly wounded, chance to defeat MR: 76%)
The enormous slime creature is devoured by a tear in reality.
Lugonu claims a new guest.
You feel somewhat more hungry.
All of the chunks of flesh in your inventory have rotted away.
You slice the slime creature!!
The slime creature is heavily wounded.
You block the slime creature's attack.
You completely miss the slime creature.
The slime creature is moderately wounded.
Your plate armour prevents you from hitting the slime creature.
The slime creature is moderately wounded.
The slime creature completely misses you.
You slice the slime creature!!
The slime creature is almost dead.
Two slime creatures merge to form a large slime creature.
You slice the large slime creature!!
The large slime creature is severely wounded.
The large slime creature hits you!!
You die...

#J###### #.........# #J#
#.#######.# #.# #.# #.#
#.########.##### #.#
#....J.{.......# #.# ####
#####.########.###.# #.# #...
..)....## #.# #.# #.# #.##
..#)....# #.###.###.# #.#
.##....## #.J@......# #.#
.##.....## #####.##### #.#
.{{......# #.# #.# ###...(.## #.#
#.# .......## ###.### #.#
####...## #.....# #.# ##.....##
##.#.#.# ###.# ##.......##
##..#...# #...#
#.........####...#...#######...##


You could see a large slime creature.

Vanquished Creatures
  Frances (D:12)
  Nessos (Orc:2)
  An ettin (Orc:1)
  Harold (Lair:4)
  Erica (Orc:1)
  Urug (Lair:2)
  An orc high priest (Orc:2)
  8 death yaks
  2 unseen horrors (D:10)
  2 orc knights
  2 hill giants (D:10)
  Pikel (D:7)
  A wolf spider (Lair:8)
  5 orc sorcerers (Orc:2)
  A necromancer (IceCv)
  A cyclops (Orc:2)
  A guardian serpent (Lair:8)
  9 black mambas
  Joseph (D:7)
  11 elephants
  2 ice statues (IceCv)
  A gargoyle (D:11)
  A torpor snail (Lair:4)
  2 rime drakes
  7 spiny frogs
  7 ice devils (IceCv)
  7 komodo dragons
  A troll (D:11)
  9 polar bears
  3 raiju (Lair:8)
  2 slime creatures (D:12)
  15 blink frogs
  A spriggan (D:7)
  Sigmund (D:2)
  6 redbacks (D:12)
  2 wraiths (D:10)
  6 wyverns
  66 yaks
  Grum (D:9)
  5 basilisks
  10 hippogriffs
  A hungry ghost (D:7)
  2 nagas (Lair:6)
  6 wargs
  7 hell hounds
  A soldier ant (D:10)
  Duvessa (D:6)
  20 water moccasins
  11 porcupines
  3 wasps
  Purgy (Sewer)
  22 orc warriors
  3 phantoms
  3 sky beasts
  6 ice beasts
  3 slaves (D:7)
  An eye of draining (D:12)
  14 black bears
  10 ogres
  A necrophage (D:11)
  27 wolves
  9 centaurs
  A big kobold (D:9)
  13 crocodiles
  22 giant frogs
  Dowan (D:6)
  2 scorpions
  3 killer bees (D:10)
  13 wights
  4 howler monkeys
  5 crimson imps
  A draconian simulacrum (IceCv)
  A quasit (D:10)
  21 orc priests
  A giant frog zombie (D:10)
  20 hounds
  4 jellies
  30 orc wizards
  Ijyb (D:2)
  2 centaur skeletons
  3 giant frog skeletons
  Terence (D:2)
  8 iguanas
  Natasha (thrice) (D:2)
  12 worker ants
  3 hell rats (Lair:5)
  A spriggan simulacrum (IceCv)
  A troll simulacrum (IceCv)
  20 sheep
  A centaur simulacrum (IceCv)
  2 hound skeletons
  A hound zombie (D:9)
  3 worker ant zombies
  A howler monkey skeleton (D:10)
  26 adders
  6 gnolls
  4 naga simulacra (IceCv)
  41 river rats
  2 ogre simulacra (IceCv)
  3 shadow imps
  4 worms
  A dart slug (D:3)
  9 giant geckos
  65 orcs
  2 ball pythons (Sewer)
  6 bats
  8 giant cockroaches
  21 goblins
  13 hobgoblins
  19 jackals
  6 quokkas
  A giant gecko skeleton (D:4)
  11 giant newts
  21 kobolds
  17 rats
  A plant (Lair:8)
851 creatures vanquished.

Vanquished Creatures (collateral kills)
  2 blink frogs (Lair:7)
  A porcupine (Lair:7)
  3 sheep (Lair:7)
  A fungus (Lair:7)
7 creatures vanquished.

Vanquished Creatures (others)
  Maud (Lair:8)
  5 hydras
  3 death yaks
  3 black mambas
  17 elephants
  An ice statue (IceCv)
  3 rime drakes
  6 spiny frogs
  2 komodo dragons
  2 ice devils (IceCv)
  A polar bear (Lair:8)
  2 slime creatures
  3 yaks
  2 hippogriffs (Lair:8)
  A basilisk (Lair:8)
  3 water moccasins (Lair:8)
  A hell hound (Lair:8)
  2 wasps (Lair:8)
  An ogre (Orc:2)
  A wolf (Lair:8)
  2 crocodiles
  4 centaurs
  A giant frog (Lair:3)
  3 jellies (Lair:8)
  2 orc wizards
  2 worker ants (Lair:8)
  4 adders (Lair:8)
  9 river rats (Lair:8)
  A bush (Lair:8)
  32 fungi
  38 plants
  28 starspawn tentacles (Lair:8)
  647 starspawn tentacle segments (Lair:8)
833 creatures vanquished.

Grand Total: 1691 creatures vanquished

Notes
Turn   | Place    | Note
--------------------------------------------------------------
     0 | Abyss:1  | Liquid the Formicid Abyssal Knight began the quest for the Orb.
     0 | Abyss:1  | Reached XP level 1. HP: 18/18 MP: 2/2
    27 | Abyss:1  | Found a corrupted altar of Lugonu.
   146 | Abyss:2  | Noticed a thrashing horror
   148 | Abyss:2  | Noticed a thrashing horror
   150 | D:1      | Escaped the Abyss
   381 | D:1      | Reached * piety under Lugonu
   423 | D:1      | Reached XP level 2. HP: 24/24 MP: 3/3
   690 | D:1      | Reached XP level 3. HP: 29/29 MP: 4/4
   761 | D:1      | Reached skill level 1 in Shields
  1324 | D:2      | Noticed Ijyb
  1381 | D:2      | Killed Ijyb
  1381 | D:2      | Reached XP level 4. HP: 23/37 MP: 4/6
  1398 | D:2      | Noticed Natasha
  1408 | D:2      | Killed Natasha
  1611 | D:2      | Noticed Natasha
  1621 | D:2      | Killed Natasha
  1621 | D:2      | Reached XP level 5. HP: 39/42 MP: 7/7
  1659 | D:2      | Reached ** piety under Lugonu
  1683 | D:2      | Noticed Natasha
  1699 | D:2      | Killed Natasha
  1939 | D:2      | Noticed Sigmund
  1988 | D:2      | Killed Sigmund
  1988 | D:2      | Reached XP level 6. HP: 34/49 MP: 8/8
  2194 | D:2      | Found a snail-covered altar of Cheibriados.
  2202 | D:2      | Found a shattered altar of Ashenzari.
  2481 | D:2      | Noticed Terence
  2484 | D:2      | Killed Terence
  2594 | D:3      | Reached XP level 7. HP: 55/55 MP: 9/9
  2710 | D:3      | Reached skill level 5 in Polearms
  2971 | D:3      | Reached *** piety under Lugonu
  3414 | D:4      | Reached skill level 1 in Staves
  3556 | D:4      | Found a staircase to the Ecumenical Temple.
  3611 | D:4      | Found a glowing golden altar of the Shining One.
  3787 | D:4      | Found a glowing drain.
  3830 | Sewer    | Entered a sewer
  3859 | Sewer    | Noticed Purgy
  3884 | Sewer    | Killed Purgy
  3884 | Sewer    | Reached XP level 8. HP: 60/61 MP: 10/10
  3959 | Sewer    | Reached **** piety under Lugonu
  4228 | D:4      | Reached skill level 5 in Staves
  4331 | Temple   | Entered the Ecumenical Temple
  4374 | D:5      | Entered Level 5 of the Dungeon
  4866 | D:5      | Reached XP level 9. HP: 35/66 MP: 11/11
  4946 | D:5      | Reached ***** piety under Lugonu
  5499 | D:6      | Found Esathaf's Gadget Boutique.
  5504 | D:6      | Found Nunt's General Store.
  5507 | D:6      | Found Waheis's Jewellery Boutique.
  5513 | D:6      | Reached skill level 5 in Fighting
  5681 | D:6      | Found Vilupica's Jewellery Shoppe.
  5761 | D:6      | Found Kakykief's Distillery.
  5782 | D:6      | Noticed Duvessa
  5782 | D:6      | Noticed Dowan
  5801 | D:6      | Killed Dowan
  5805 | D:6      | Killed Duvessa
  6128 | D:7      | Noticed Pikel
  6143 | D:6      | Gained mutation: You are somewhat resistant to further mutation. [mutagenic meat]
  6145 | D:6      | Gained mutation: You regenerate slowly when monsters are visible. [mutagenic meat]
  6355 | D:7      | Killed Pikel
  6355 | D:7      | Reached skill level 5 in Shields
  6355 | D:7      | Reached XP level 10. HP: 44/79 MP: 12/12
  6424 | D:7      | Found a shadowy altar of Dithmenos.
  6759 | D:7      | Noticed Joseph
  6772 | D:7      | Killed Joseph
  6772 | D:7      | Reached skill level 5 in Armour
  7126 | D:8      | Found a sparkling altar of Nemelex Xobeh.
  7235 | D:8      | Found an iron altar of Okawaru.
  7936 | D:9      | Found a flagged portal.
  7964 | Bailey   | Entered a bailey
  7986 | Bailey   | Noticed an orc knight
  8049 | Bailey   | Reached ****** piety under Lugonu
  8262 | Bailey   | Killed an orc knight
  8262 | Bailey   | Reached skill level 5 in Invocations
  8262 | Bailey   | Reached XP level 11. HP: 54/87 MP: 13/15
  8499 | D:9      | Got a coiled lead ring
  8518 | D:9      | Found a basalt altar of Yredelemnul.
  8518 | D:9      | Found a radiant altar of Vehumet.
  8675 | D:9      | Found Jeopnav's Armour Shoppe.
  8685 | D:9      | Noticed Grum
  8735 | D:9      | Killed Grum
  9049 | D:9      | Found a sacrificial altar of Ru.
  9976 | D:10     | Entered Level 10 of the Dungeon
  9979 | D:10     | Noticed a hill giant
  9991 | D:10     | Killed a hill giant
 10006 | D:10     | Found a staircase to the Orcish Mines.
 10068 | D:10     | Noticed an unseen horror
 10072 | D:10     | Noticed a hill giant
 10078 | D:10     | Killed an unseen horror
 10078 | D:10     | Reached skill level 10 in Staves
 10081 | D:10     | Killed a hill giant
 10134 | D:10     | Reached XP level 12. HP: 36/97 MP: 17/17
 10423 | D:10     | Identified the cursed ring of Gudukodgha {rElec rN+++ EV-2 Stlth-} (You found it on level 9 of the Dungeon)
 10494 | D:10     | Found a staircase to the Lair.
 10519 | D:10     | Found Enoufu's Book Shoppe.
 10626 | D:10     | Reached skill level 1 in Dodging
 10743 | D:10     | Noticed an unseen horror
 10756 | D:10     | Killed an unseen horror
 10756 | D:10     | Reached skill level 10 in Fighting
 11025 | D:11     | Got a warped iron ring
 11026 | D:11     | Identified the ring "Faatap" {Fire Str+2} (You found it on level 11 of the Dungeon)
 11441 | D:11     | Noticed a six-headed hydra
 11442 | D:11     | Banished a six-headed hydra
 11731 | D:11     | Got a polished scale mail
 11745 | D:11     | Identified the +5 scale mail of the Tarantula {MR+ Stlth+} (You found it on level 11 of the Dungeon)
 12627 | Lair:1   | Entered Level 1 of the Lair of Beasts
 12648 | Lair:1   | Noticed a four-headed hydra
 12656 | Lair:1   | Banished a four-headed hydra
 13372 | Lair:1   | Noticed a seven-headed hydra
 13378 | Lair:1   | Banished a seven-headed hydra
 14070 | Lair:1   | Reached XP level 13. HP: 97/104 MP: 19/19
 14778 | Lair:2   | Noticed Urug
 14798 | Lair:2   | Killed Urug
 15167 | Lair:2   | Reached skill level 5 in Dodging
 15167 | Lair:2   | Reached skill level 10 in Invocations
 15914 | Lair:2   | Identified a scroll of acquirement
 16100 | D:9      | Corrupted D:9
 16100 | D:9      | Noticed a tentacled starspawn
 16100 | D:9      | Noticed a tentacled starspawn
 16100 | D:9      | Noticed a profane servitor
 16100 | D:9      | Noticed a bone dragon
 16103 | D:9      | Identified a +3 lajatang of distortion (a +1 lajatang corrupted by Lugonu)
 16103 | D:9      | Received a gift from Lugonu
 16108 | D:9      | Noticed a green very ugly thing
 16305 | Lair:3   | Reached skill level 10 in Armour
 16703 | Lair:3   | Reached XP level 14. HP: 114/114 MP: 21/21
 17800 | Lair:4   | Noticed Harold
 17815 | Lair:4   | Killed Harold
 17895 | Lair:4   | Found a staircase to the Swamp.
 19805 | Lair:6   | Found a staircase to the Snake Pit.
 19843 | Lair:6   | Found a frozen archway.
 19882 | IceCv    | Entered an ice cave
 21252 | Lair:6   | Noticed Rupert
 21268 | Lair:6   | Banished Rupert
 22017 | Lair:7   | Reached XP level 15. HP: 122/122 MP: 24/24
 22610 | Lair:8   | Entered Level 8 of the Lair of Beasts
 22628 | Lair:8   | Noticed Maud
 22629 | Lair:8   | Corrupted Lair:8
 22632 | Lair:8   | Noticed a tentacled starspawn
 22636 | Lair:8   | Killed Maud
 22654 | Lair:8   | Found a staircase to the Slime Pits.
 25289 | Orc:1    | Entered Level 1 of the Orcish Mines
 25289 | Orc:1    | Noticed Erica
 25302 | Orc:1    | Killed Erica
 25498 | Orc:2    | Entered Level 2 of the Orcish Mines
 26151 | Orc:2    | Noticed Nessos
 26503 | Orc:2    | Found Xyluurioll's Antique Weapon Shop.
 26503 | Orc:2    | Found Kuonuif's Antique Armour Shop.
 26503 | Orc:2    | Found Jijic's Jewellery Boutique.
 26506 | Orc:2    | Found Oloan's Jewellery Boutique.
 26629 | Orc:2    | Found a roughly hewn altar of Beogh.
 26645 | Orc:2    | Found a staircase to the Elven Halls.
 26717 | Orc:2    | Killed Nessos
 26717 | Orc:2    | Reached XP level 16. HP: 61/132 MP: 25/25
 27780 | D:12     | Noticed Frances
 27805 | D:12     | Killed Frances
 28488 | D:12     | Slain by a large slime creature

Skill      XL: |  1  2  3  4  5  6  7  8  9 10 11 12 13 14 15 16 |
---------------+-------------------------------------------------+-----
Shields        | 2 3 5 7 8 9 |  9.3
Polearms       | 3 4 5 |  5.2
Invocations    | 3 5 7 9 10 12 | 12.0
Fighting       | 4 7 8 9 10 11 12 13 14 | 14.1
Staves         | 4 7 8 9 10 11 12 13 14 | 14.1
Armour         | 4 5 7 9 10 11 12 | 12.4
Dodging        | 3 5 7 8 |  8.9

Action                   |  1- 3 |  4- 6 |  7- 9 | 10-12 | 13-15 | 16-18 || total
-------------------------+-------+-------+-------+-------+-------+-------++-------
Melee: Spear             |   146 |    56 |       |       |       |       ||   202
       Scythe            |       |    38 |   287 |    28 |       |       ||   353
       Lajatang          |       |       |   251 |  1007 |  1618 |   159 ||  3035
 Fire: Blowgun           |       |       |       |     4 |       |       ||     4
Throw: Tomahawk          |       |       |       |     7 |     1 |       ||     8
Invok: Depart the Abyss  |     1 |       |       |       |       |       ||     1
       Bend Space        |       |       |       |     3 |     3 |       ||     6
       Banish            |       |       |       |     3 |     1 |     1 ||     5
       Corrupt           |       |       |       |       |     2 |       ||     2
       Brand Weapon With |       |       |       |       |     1 |       ||     1
 Abil: Dig               |     4 |     2 |     2 |     7 |    34 |     5 ||    54
Evoke: Wand              |       |       |       |     4 |     2 |       ||     6
  Use: Scroll            |       |     1 |    18 |    10 |    16 |     1 ||    46
       Potion            |       |     1 |     3 |     3 |     2 |     1 ||    10
 Stab: Distracted        |       |       |       |       |       |     1 ||     1
  Eat: Chunk             |     2 |     4 |    17 |    32 |    28 |       ||    83
       Bread ration      |       |     1 |       |       |       |       ||     1
       Fruit             |       |       |     3 |     9 |     4 |     7 ||    23
       Beef jerky        |       |       |       |     1 |     3 |       ||     4
       Pizza             |       |       |       |       |     2 |       ||     2
       Meat ration       |       |       |       |       |     2 |       ||     2
       Royal jelly       |       |       |       |       |     1 |       ||     1
Armor: Scale mail        |     6 |       |       |    38 |       |       ||    44
       Chain mail        |    43 |    23 |   306 |   104 |       |       ||   476
       Plate armour      |       |       |       |   247 |   659 |    31 ||   937
Dodge: Dodged            |    23 |    12 |   111 |   161 |   306 |    32 ||   645
Block: Shield            |    37 |    29 |   323 |   540 |   748 |    56 ||  1733
